Map: Dasan Station LE

Players

Gracz

  • Race: Protoss Protoss
  • League: Silver

Jojal - Winner!

  • Race: Protoss Protoss
  • League: Silver

VOD

Have the link to the VOD?

Description

Time

  • Played on: Oct. 2, 2016, 4:26 a.m.
  • Length: 13:29
Show
View Real Time Build Order
Export as new Build Order

Gracz Protoss 

Build Orders:  

Get SALT Encoding   

  12  0:01  Probe (Chrono Boost)  
  13  0:19  Pylon  
  14  0:21  Probe (Chrono Boost)  
  14  0:31  Pylon  
  14  0:32  Probe (Chrono Boost)  
  15  0:51  Gateway  
  15  0:54  Gateway  
  15  1:02  Assimilator  
  16  1:04  Probe (Chrono Boost)  
  16  1:14  Probe (Chrono Boost)  
  17  1:25  Probe (Chrono Boost)  
  18  1:42  Cybernetics Core  
  18  1:45  Probe (Chrono Boost)  
  19  1:51  Pylon  
  19  1:56  Assimilator, Probe (Chrono Boost)  
  20  2:06  Probe (Chrono Boost)  
  21  2:17  Warp Gate  
  21  2:18  Probe (Chrono Boost)  
  21  2:22  Stalker  
  22  2:25  Stalker  
  26  2:51  Stalker  
  26  2:53  Stalker  
  30  3:17  Stalker  
  30  3:20  Robotics Facility  
  30  3:23  Stalker  
  30  3:24  Gateway  
  34  3:51  Probe (Chrono Boost)  
  35  4:09  Immortal  
  39  4:18  Pylon  
  39  4:26  Nexus  
  39  4:32  Pylon  
  39  4:35  Pylon  
  39  4:38  Pylon  
  39  4:39  Stalker  
  39  4:42  Sentry x2  
  43  5:21  Stalker x3  
  43  5:51  Stalker x2  
  43  5:52  Warp Prism  
  43  5:54  Sentry  
  35  6:44  Stalker  
  35  6:45  Stalker x2  
  39  7:10  Sentry x3  
  43  7:42  Stalker x2  
  43  7:43  Stalker  
  39  8:08  Stalker x3  
  46  8:20  Assimilator, Probe (Chrono Boost)  
  34  8:44  Stalker x2  
  34  8:45  Stalker  
  26  9:12  Pylon  
  30  9:23  Pylon  
  30  9:27  Pylon  
  26  9:41  Gateway  
  26  9:42  Gateway  
  26  9:45  Gateway  
  26  9:48  Gateway x2  
  26  9:49  Gateway  
  26  9:58  Probe (Chrono Boost)  
  27  10:05  Stargate  
  27  10:10  Probe (Chrono Boost)  
  27  10:11  Robotics Facility  
  29  10:22  Probe (Chrono Boost)  
  29  10:34  Probe (Chrono Boost)  
  30  10:41  Stalker  
  32  10:43  Stalker  
  32  10:45  Stalker  
  32  10:46  Stalker x2  
  32  10:48  Mothership Core (Chrono Boost), Stalker  
  36  11:10  Stalker x2  
  36  11:11  Stalker  
  35  11:23  Stalker  
  35  11:25  Sentry  
  21  11:59  Stalker  
  23  12:11  Sentry x2  
  27  12:26  Sentry  
Show
View Real Time Build Order
Export as new Build Order

Jojal Protoss - Winner!

Build Orders:  

Get SALT Encoding   

  12  0:02  Probe (Chrono Boost)  
  13  0:13  Probe (Chrono Boost)  
  14  0:20  Pylon  
  14  0:24  Probe (Chrono Boost)  
  15  0:40  Gateway  
  15  0:45  Assimilator  
  15  0:47  Probe (Chrono Boost)  
  16  0:57  Probe (Chrono Boost)  
  17  1:08  Probe (Chrono Boost)  
  19  1:18  Probe (Chrono Boost)  
  19  1:24  Gateway  
  19  1:29  Probe (Chrono Boost)  
  19  1:30  Pylon  
  20  1:34  Cybernetics Core  
  20  1:38  Zealot  
  22  1:55  Gateway  
  22  2:07  Pylon, Warp Gate  
  22  2:24  Adept  
  22  2:25  Adept  
  26  2:36  Assimilator  
  27  2:38  Probe (Chrono Boost)  
  27  2:43  Adept  
  29  2:50  Probe (Chrono Boost)  
  30  3:02  Probe (Chrono Boost)  
  31  3:09  Adept x2  
  35  3:16  Mothership Core (Chrono Boost)  
  37  3:20  Adept  
  39  3:59  Pylon  
  39  4:05  Nexus  
  39  4:07  Pylon  
  37  4:23  Gateway  
  37  4:29  Robotics Facility  
  37  4:32  Pylon  
  37  4:41  Adept  
  37  4:42  Adept x2  
  43  4:57  Forge  
  41  5:12  Pylon  
  37  5:19  Pylon  
  37  5:21  Mothership Core (Chrono Boost)  
  41  5:31  Stalker  
  41  5:32  Sentry  
  43  5:38  Sentry  
  45  5:48  Immortal  
  45  5:49  Pylon  
  41  5:54  Pylon  
  41  5:55  Sentry  
  33  6:28  Sentry  
  33  6:29  Zealot x2  
  33  6:30  Zealot  
  33  6:31  Immortal  
  37  6:50  Sentry  
  37  6:51  Stalker  
  41  6:57  Adept  
  37  7:23  Pylon  
  37  7:24  Probe (Chrono Boost)  
  38  7:34  Probe (Chrono Boost)  
  39  7:38  Adept  
  39  7:39  Adept  
  41  7:45  Probe (Chrono Boost)  
  40  7:54  Immortal  
  40  7:55  Probe (Chrono Boost)  
  41  8:02  Protoss Ground Weapons Level 1  
  45  8:06  Probe (Chrono Boost)  
  45  8:09  Twilight Council  
  46  8:13  Sentry  
  46  8:16  Probe (Chrono Boost)  
  49  8:27  Adept x2  
  51  8:47  Immortal  
  51  9:10  Adept x2  
  51  9:11  Adept x2  
  59  9:37  Stalker  
  59  9:38  Stalker x2  
  63  9:44  Protoss Ground Armor Level 1  
  63  9:45  Assimilator  
  65  9:49  Assimilator  
  65  9:59  Pylon  
  65  10:06  Pylon  
  65  10:07  Adept  
  65  10:08  Pylon, Adept x3  
  65  10:09  Pylon  
  73  10:20  Immortal  
  77  10:37  Adept x3  
  83  11:24  Adept  
  83  11:25  Adept x2  
  87  11:26  Adept  
  91  11:42  Immortal  
  95  11:53  Probe (Chrono Boost)  
  96  11:55  Gateway  
  96  11:57  Gateway  
  96  12:00  Adept x2, Gateway  
  96  12:01  Adept, Gateway  
  102  12:03  Probe (Chrono Boost)  
  103  12:14  Probe (Chrono Boost)  
  103  12:43  Stalker  
  103  12:44  Stalker x2  
  107  12:45  Stalker  
  107  12:48  Immortal  
Tags
 
Add a new tag
Caveats
  • Supply blocks, unpowered buildings, or Contaminate may cause inaccurate times.
  • Supply counts are checked every 10 seconds.